 Dungeon Crawl Stone Soup version 0.17.1-3-g152610e (webtiles) character file.

0 CcS the Insei (level 1, -1/13 HPs)
             Began as an Octopode Transmuter on Apr 16, 2016.
             Slain by a goblin (4 damage)
             ... on level 1 of the Dungeon.
             The game lasted 00:00:43 (99 turns).

CcS the Insei (Octopode Transmuter)                   Turns: 99, Time: 00:00:43

Health: -1/13      AC:  1    Str:  9    XL:     1   Next: 10%
Magic:  3/3        EV: 12    Int: 15    God:
Gold:   0          SH:  0    Dex: 12    Spells: 1 memorised, 3 levels left

rFire  . . .     SeeInvis .       - Unarmed
rCold  . . .     Clarity  .     (no shield)
rNeg   . . .     SustAt   .     (helmet restricted)
rPois  .         Gourm    .     (no amulet)
rElec  .         Spirit   .     (no ring)
rCorr  .         Warding  .     (no ring)
rMut   .         Stasis   .     (no ring)
MR     .....                    (no ring)
Stlth  ++........               (no ring)
                                (no ring)
                                (no ring)
                                (no ring)

@: not resistant to hostile enchantments, unstealthy
A: almost no armour, amphibious, 8 rings, constrict 8, camouflage 1, gelatinous
body 1
a: no special abilities


You were on level 1 of the Dungeon.
You were not hungry.

You visited 1 branch of the dungeon, and saw 1 of its levels.

Inventory:

Missiles
 a - 12 arrows
Books
 b - a book of Changes
Comestibles
 c - a bread ration {@e1}
 d - 3 chunks of flesh {@w0}


   Skills:
 - Level 1.0 Fighting
 - Level 2.0 Dodging
 * Level 3.0 Unarmed Combat
 - Level 2.0 Spellcasting
 + Level 2.0 Transmutations


You had 3 spell levels left.
You knew the following spells:

 Your Spells              Type           Power        Failure   Level  Hunger
a - Beastly Appendage     Trmt           #.....       12%         1    #......


Dungeon Overview and Level Annotations

Branches:
Dungeon (1/15)

Altars:


Innate Abilities, Weirdness & Mutations

You cannot wear most types of armour.
You are amphibious.
You can wear up to eight rings at the same time.
You can use your tentacles to constrict eight enemies at once.
Your skin changes colour to match your surroundings (Stealth).
Your rubbery body absorbs attacks (AC +1).


Message History

Welcome, CcS the Octopode Transmuter.
The bosom of this dungeon contains the fabled artefact, the Orb of Zot.
Found a staircase leading out of the dungeon.
Unknown command.
A goblin comes into view. It is wielding a dagger.
A goblin is nearby!
A goblin is nearby!
The goblin shouts!
A goblin is nearby!
The goblin hits you with a dagger.
You take 3 damage, and have 10/13 hp.
MASSIVE DAMAGE!!
You closely miss the goblin. Your grab misses the goblin.
Your squeeze misses the goblin. The goblin hits you with a dagger.
You take 2 damage, and have 8/13 hp.
You barely miss the goblin. Your grab misses the goblin.
The goblin barely misses you.
You tentacle-slap the goblin. Your grab misses the goblin.
The goblin hits you with a dagger.
You take 2 damage, and have 6/13 hp.
You are too injured to fight recklessly!
You are too injured to fight recklessly!
You miss the goblin. Your grab misses the goblin. You tentacle-slap the goblin.
You kill the goblin!
Unknown command.
Things that are here:
a dagger; a goblin corpse You butcher the goblin corpse.
d - 3 chunks of flesh {@w0} You see here a dagger.
A goblin comes into view.
You regained 3 hp, and now have 9/13 hp.
A goblin is nearby!
A goblin is nearby!
A goblin is nearby!
A goblin is nearby!
No target in view!
No target in view!
No target in view!
No target in view!
The goblin shouts!
The goblin is too close now for your liking.
The goblin hits you.
You take 1 damage, and have 8/13 hp.
You miss the goblin. Your grab misses the goblin. The goblin hits you.
You take 2 damage, and have 6/13 hp.
You are too injured to fight recklessly!
You are too injured to fight recklessly!
You are too injured to fight recklessly!
Unknown command.
You tentacle-slap the goblin but do no damage.
Your grab misses the goblin. The goblin closely misses you.
You barely miss the goblin. Your grab misses the goblin. The goblin hits you.
* * * LOW HITPOINT WARNING * * *
You take 3 damage, and have 3/13 hp.
MASSIVE DAMAGE!!
You tentacle-slap the goblin. Your grab misses the goblin. The goblin hits you.
You die...

#.###.##.#)#..##...
.###.#.#..#......# ...#
##..##.##......##.. ...8
...#.##.#...#...........
######.#...#..##.##....?
#.#...#..#...#...#.....8
#..###.#.......#.......#
#..#.#...##...###g..#
.##..#.##....#..@.#
#..#.##...#......##
##################


You could see a goblin.

Vanquished Creatures
  A goblin (D:1)
1 creature vanquished.

Notes
Turn   | Place    | Note
--------------------------------------------------------------
     0 | D:1      | CcS the Octopode Transmuter began the quest for the Orb.
     0 | D:1      | Reached XP level 1. HP: 13/13 MP: 3/3
    98 | D:1      | HP: 3/13 [goblin (3)]
    99 | D:1      | Slain by a goblin

Action                   || total
-------------------------++-------
Melee: Unarmed           ||     9

Vault maps used:
D:1:      erik_arrival_cave_to_civilisation, grunt_decor_fettered

Table legend:
 A = Turns spent in this place as a percentage of turns spent in the entire game.
 B = Non-inter-level travel turns spent in this place as a percentage of non-inter-level travel turns spent in the entire game.
 C = Inter-level travel turns spent in this place as a percentage of turns spent in this place.
 D = Turns resting spent in this place as a percentage of non-inter-level travel turns spent in this place.
 E = Turns spent auto-exploring this place as a percentage of non-inter-level travel turns spent in this place.
 F = Non-inter-level travel turns spent in this place divided by the number of levels of this place that you've seen.
                   A       B       C       D       E      F
               +-------+-------+-------+-------+-------+----------------------
         Total | 100.0 | 100.0 |   0.0 |   0.0 |   7.9 |  38.0
       Dungeon | 100.0 | 100.0 |   0.0 |   0.0 |   7.9 |  38.0
               +-------+-------+-------+-------+-------+----------------------

Table legend:
 A = Kills in this place as a percentage of kills in entire the game.
 B = Kills by you in this place as a percentage of kills by you in the entire game.
 C = Kills by friends in this place as a percentage of kills by friends in the entire game.
 D = Other kills in this place as a percentage of other kills in the entire game.
 E = Experience gained in this place as a percentage of experience gained in the entire game.
 F = Experience gained in this place divided by the number of levels of this place that you have seen.
                   A       B       C       D       E      F
               +-------+-------+-------+-------+-------+----------------------
         Total | 100.0 | 100.0 |  -nan |  -nan | 100.0 |   1.0
       Dungeon | 100.0 | 100.0 |  -nan |  -nan | 100.0 |   1.0
               +-------+-------+-------+-------+-------+----------------------
